 Dungeon Crawl Stone Soup version 0.27.1-2-g3b301248ec (webtiles) character file.

Game seed: 17805583062658899485

1280 styxcanada the Covert (level 8, -4/63 HPs)
             Began as a Spriggan Brigand on Sept 24, 2021.
             Slain by Pikel (7 damage)
             ... on level 5 of the Dungeon.
             The game lasted 00:20:03 (4055 turns).

styxcanada the Covert (Spriggan Brigand)            Turns: 4055, Time: 00:20:03

Health: -4/63      AC: 24    Str:  7    XL:     8   Next: 29%
Magic:  10/17      EV:  4    Int: 13    God:
Gold:   149        SH:  0    Dex: 18    Spells: 16/18 levels left

rFire    . . .     SeeInvis +   k - +2 dagger (freeze)
rCold    . . .     Faith    .   (shield restricted)
rNeg     + + +     Spirit   .   (armour currently unavailable)
rPois    +         Reflect  .   (helmet currently unavailable)
rElec    .         Harm     .   (cloak currently unavailable)
rCorr    .         Rampage  .   (gloves unavailable)
Will     +....     NoTele   +   (boots unavailable)
Stlth    +++++.....             (no amulet)
HPRegen  0.20/turn              (no ring)
MPRegen  0.15/turn              (no ring)

@: mighty, tree-form
A: stationary, stasis, torment immunity, boosted hp, very small, no large
weapons, unfitting armour, see invisible, (speed 3)
a: no special abilities


You were on level 5 of the Dungeon.
You were a tree.
You visited 1 branch of the dungeon, and saw 5 of its levels.

You collected 149 gold pieces.

Inventory:

Hand Weapons
 a - a +2 dagger
 k - a +2 dagger of freezing (weapon)
Missiles
 d - 3 poisoned darts
 g - 54 sling bullets
 i - 97 stones
 l - a throwing net
 s - 5 datura-tipped darts (quivered)
Armour
 b - a +0 robe (melded)
 c - a +0 cloak (melded)
 q - a +1 hat of willpower (melded)
Jewellery
 j - an amulet of faith
Scrolls
 h - a scroll of acquirement
 o - a scroll of magic mapping
Potions
 m - a potion of lignification
 p - 2 potions of flight
 r - a potion of resistance


   Skills:
 * Level 4.1 Fighting
 + Level 4.5 Short Blades
 + Level 3.0(4.3) Slings
 + Level 4.0(4.4) Throwing
 * Level 6.1 Dodging
 * Level 11.0 Stealth
 * Level 5.5 Spellcasting
 * Level 3.0 Conjurations
 * Level 5.2 Hexes
 + Level 2.0 Summonings
 * Level 3.4 Fire Magic
 + Level 4.1 Evocations


You had 16 spell levels left.
You knew the following spells:

 Your Spells              Type           Power      Damage    Failure   Level
a - Corona                Hex            18%        N/A       1%          1
b - Foxfire               Conj/Fire      48%        2x1d6     4%          1

Your spell library contained the following spells:

 Spells                   Type           Power      Damage    Failure   Level
 Summon Small Mammal      Summ           32%        N/A       8%          1
 Inner Flame              Hex/Fire       14%        N/A       9%          3
 Conjure Flame            Conj/Fire      12%        6-21      14%         3
 Animate Skeleton         Necr           6%         N/A       19%         1
 Apportation              Tloc           6%         N/A       19%         1
 Ozocubu's Armour         Ice            3%         N/A       47%         3
 Ozocubu's Refrigeration  Ice            1%         4d5       100%        7


Dungeon Overview and Level Annotations

Branches:
Dungeon (5/15)
 Temple: D:4-7

Altars:
Vehumet

Shops:
D:4 (

Annotations:
D:5 Pikel


Innate Abilities, Weirdness & Mutations

You are a tree.
Your roots penetrate the ground, keeping you stationary.
You cannot be teleported.
You are immune to unholy pain and torment.
Your maximum health is greatly increased.
Your equipment is partially melded.
You are very small and have problems with some larger weapons.
You are too small for most types of armour.
You have supernaturally acute eyesight. (SInv)
((You cover ground extremely quickly. (Speed+++)))


Message History

You have reached level 8!
The scorpion stings you.
* * * LOW HITPOINT WARNING * * *
The lemure hits the lemure!
Pikel barely misses you.
The lemure closely misses the scorpion.
The lemure hits Pikel but does no damage.
The scorpion misses you.
Really quaff the potion of lignification?
Okay, then.
Really quaff the potion of lignification?
You turn into a tree.
Your +0 cloak melds into your body.
Your +1 hat of willpower melds into your body.
Your +0 robe melds into your body.
You feel less strong-willed.
Your roots penetrate the ground.
The lemure closely misses the lemure.
Pikel hits you but does no damage.
The lemure hits the lemure.
The lemure dies!
The lemure hits Pikel.
The scorpion barely misses you.
You puncture Pikel! You freeze Pikel.
Pikel is heavily wounded.
Pikel hits you but does no damage.
The lemure barely misses the scorpion.
The scorpion stings you but does no damage.
The lemure hits Pikel but does no damage.
You hit Pikel but do no damage.
Pikel is heavily wounded.
Pikel waves his whip at you. Pikel barely misses you.
The lemure hits the scorpion but does no damage.
The scorpion stings you but does no damage.
You hit Pikel. You freeze Pikel.
Pikel is heavily wounded.
The lemure closely misses Pikel.
Pikel hits you but does no damage.
The lemure hits the scorpion!
The scorpion misses the lemure.
You hit Pikel. You freeze Pikel.
Pikel is severely wounded.
The lemure hits Pikel but does no damage.
The scorpion barely misses the lemure.
You hit Pikel but do no damage.
Pikel is severely wounded.
Pikel hits you with a +2 whip of flaming!
You die...

#.. #.. ...# #..# # ...#
##..## .# .#.##.....# ###.#
.......##.####...#
...##.......#..########..
#..#..# #.....5s♣K5......
#..#.####.###############
.(....(..5...################
##...##.#............<...)...
#.[.###..##..................
....# ##.##..........###.....
...## #.............# ####
...# ####..........# ...#
#............#


You could see Pikel, a scorpion and 2 neutral lemures.

Vanquished Creatures
  Sigmund (D:3)
  A steam dragon (D:5)
  An ogre (D:3)
  A centaur (D:3)
  A scorpion (D:4)
  2 hounds (D:4)
  4 adders
  A worm (D:3)
  2 orcs
  5 ball pythons
  5 endoplasms
  2 giant cockroaches (D:2)
  3 goblins
  6 hobgoblins
  8 jackals
  6 quokkas
  5 bats
  4 frilled lizards
  9 kobolds
  3 rats
70 creatures vanquished.

Vanquished Creatures (collateral kills)
  A lemure (D:5)
  An adder (D:5)
2 creatures vanquished.

Vanquished Creatures (others)
  16 foxfires
  4 plants (D:2)
20 creatures vanquished.

Grand Total: 92 creatures vanquished

Notes
Turn   | Place    | Note
-------+----------+-------------------------------------------
     0 | D:1      | styxcanada the Spriggan Brigand began the quest for the
                  | Orb.
     0 | D:1      | Reached XP level 1. HP: 10/10 MP: 2/2
   142 | D:1      | Reached skill level 6 in Stealth
   378 | D:1      | Reached XP level 2. HP: 11/14 MP: 3/3
   436 | D:1      | Learned a level 1 spell: Corona
  1009 | D:1      | Found a faded altar of an unknown god.
  1433 | D:2      | Reached XP level 3. HP: 18/18 MP: 4/4
  1493 | D:2      | Reached skill level 7 in Stealth
  1888 | D:2      | Reached skill level 1 in Spellcasting
  1888 | D:2      | Reached XP level 4. HP: 23/23 MP: 6/6
  2131 | D:2      | Found a radiant altar of Vehumet.
  2210 | D:3      | Identified 2 scrolls of acquirement
  2210 | D:3      | Acquired a +0 hat of willpower
  2324 | D:3      | Noticed a centaur
  2331 | D:3      | Killed a centaur
  2332 | D:3      | Reached skill level 1 in Hexes
  2332 | D:3      | Reached XP level 5. HP: 26/26 MP: 6/8
  2391 | D:3      | Learned a level 1 spell: Foxfire
  2392 | D:3      | Noticed an ogre
  2425 | D:3      | Killed an ogre
  2426 | D:3      | Reached skill level 8 in Stealth
  2930 | D:3      | Noticed Sigmund
  2937 | D:3      | Killed Sigmund
  2938 | D:3      | Reached XP level 6. HP: 30/30 MP: 8/10
  3379 | D:4      | Found Durhen's Antique Weapon Boutique.
  3614 | D:4      | Reached skill level 1 in Fire Magic
  3614 | D:4      | Reached XP level 7. HP: 35/35 MP: 9/11
  3924 | D:5      | Entered Level 5 of the Dungeon
  3951 | D:5      | Noticed a steam dragon
  3957 | D:5      | Killed a steam dragon
  3958 | D:5      | Reached skill level 9 in Stealth
  3958 | D:5      | Reached skill level 1 in Conjurations
  4035 | D:5      | Noticed Pikel
  4049 | D:5      | Reached skill level 11 in Stealth
  4049 | D:5      | Reached skill level 5 in Spellcasting
  4049 | D:5      | Reached skill level 5 in Hexes
  4049 | D:5      | Reached XP level 8. HP: 7/42 MP: 9/17
  4049 | D:5      | HP: 2/42 [scorpion (6)]
  4055 | D:5      | Slain by Pikel

Illustrated notes

Levels and vault maps discovered:
D:1:      shiori_shiawase, layout_basic, hellmonk_ecumenical_altar_prayer_group
D:2:      layout_rooms, basic_altar, serial_bayou_pond_a,
          chequers_serial_rivers_micro_b, kennysheep_generic_room_4
D:3:      layout_basic, uniq_sigmund
D:4:      layout_cave_pools, serial_shops, nicolae_shop_overgrown_old_shop,
          chequers_serial_rivers_small_a
D:5:      layout_rooms, uniq_prince_ribbit1, uniq_pikel

Skill      XL: |  1  2  3  4  5  6  7 |
---------------+----------------------+-----
Stealth        | 6 7 8 11 | 11.0
Dodging        | 2 3 6 |  6.1
Spellcasting   | 1 2 5 |  5.5
Fighting       | 2 4 |  4.1
Short Blades   | 3 4 |  4.5
Hexes          | 1 2 5 |  5.2
Fire Magic     | 1 3 |  3.4
Throwing       | 4 |  4.0
Conjurations   | 3 |  3.0
Slings         | 3 |  3.0
Summonings     | 2 |  2.0
Evocations     | 4 |  4.1

Action                   |  1- 3 |  4- 6 |  7- 9 || total
-------------------------+-------+-------+-------++-------
Melee: Dagger            |    85 |    67 |    11 ||   163
Throw: Dart              |    30 |    21 |    10 ||    61
       Stone             |       |       |     1 ||     1
 Cast: Corona            |       |     7 |     1 ||     8
       Foxfire           |       |     5 |     9 ||    14
  Use: Scroll            |       |     7 |     2 ||     9
       Potion            |       |       |     3 ||     3
 Stab: Sleeping          |     8 |    13 |     1 ||    22
       Distracted        |     2 |       |       ||     2
Armor: Robe              |    15 |     6 |     1 ||    22
       Skin              |       |       |     5 ||     5
Dodge: Dodged            |    61 |    42 |     9 ||   112
